 Dungeon Crawl Stone Soup version 0.19.5 (webtiles) character file.

291 theElss the Conjurer (level 6, -1/33 HPs)
             Began as a Deep Elf Conjurer on Apr 15, 2017.
             Slain by an orc priest
             ... wielding a +0 club
              (4 damage)
             ... on level 3 of the Dungeon.
             The game lasted 00:09:49 (3355 turns).

theElss the Conjurer (Deep Elf Conjurer)            Turns: 3355, Time: 00:09:50

Health: -1/33      AC:  3    Str:  5    XL:     6   Next: 10%
Magic:  0/16       EV: 13    Int: 22    God:
Gold:   109        SH:  0    Dex: 15    Spells: 4 memorised, 4 levels left

rFire  . . .     SeeInvis +     (no weapon)
rCold  . . .     Gourm    .     a - +0 robe
rNeg   . . .     Faith    .     (no shield)
rPois  .         Spirit   .     (no helmet)
rElec  .         Reflect  .     f - +0 cloak
rCorr  .         Harm     .     (no gloves)
MR     .....                    (no boots)
Stlth  ++........               (no amulet)
                                (no ring)
                                d - ring of see invisible

@: no status effects
A: no striking features
a: no special abilities


You were on level 3 of the Dungeon.
You were not hungry.

You visited 1 branch of the dungeon, and saw 4 of its levels.

You collected 109 gold pieces.

Inventory:

Armour
 a - a +0 robe (worn)
 f - a +0 cloak (worn)
Jewellery
 d - a ring of see invisible (left hand)
 h - an uncursed amulet of magic regeneration {unknown}
 i - an uncursed ring of protection from magic {unknown}
Scrolls
 e - a scroll of identify {unknown}
 g - 3 scrolls of remove curse {unknown}
 j - a scroll of enchant armour {unknown}
 l - a scroll of fog {unknown}
 n - 3 scrolls of teleportation {unknown}
Potions
 k - a potion of curing {unknown}
 o - a potion of might {unknown}
 p - a potion of cancellation {unknown}
Books
 b - a book of Conjurations

   Spells                             Type                      Level
   a - Magic Dart                     Conjuration                  1
   b - Searing Ray                    Conjuration                  2
   c - Dazzling Spray                 Conjuration/Hexes            3
   d - Fulminant Prism                Conjuration/Hexes            4
   e - Iskenderun's Mystic Blast      Conjuration                  4
   f - Iskenderun's Battlesphere      Conjuration/Charms           5
Comestibles
 c - 3 bread rations


   Skills:
 + Level 0.4 Fighting
 + Level 3.2 Dodging
 - Level 2.4 Stealth
 + Level 5.6 Spellcasting
 + Level 6.6 Conjurations


You had 4 spell levels left.
You knew the following spells:

 Your Spells              Type           Power        Failure   Level  Hunger
a - Magic Dart            Conj           ####         1%          1    None
b - Iskenderun's Battles  Conj/Chrm      ###.....     75%         5    #####..
c - Searing Ray           Conj           #####.       1%          2    None
d - Iskenderun's Mystic   Conj           #####...     8%          4    ####...


Dungeon Overview and Level Annotations

Branches:
Dungeon (4/15)
 Temple: D:4-7

Altars:

Annotations:
D:4 Duvessa, Eustachio


Message History

Unknown command.
Casting: Magic Dart
Confirm with . or Enter, or press ? or * to list all spells.
Aiming: Magic Dart
Press: ? - help, Shift-Dir - straight line, f/p - orc priest
Aim: an orc priest, wielding a club and wearing a ring mail (almost dead)
The magic dart hits the orc priest.
The orc priest is almost dead.
The orc priest invokes the aid of Beogh against you.
You struggle to resist.
Unknown command.
Casting: Magic Dart
Confirm with . or Enter, or press ? or * to list all spells.
Aiming: Magic Dart
Press: ? - help, Shift-Dir - straight line, f/p - orc priest
Aim: an orc priest, wielding a club and wearing a ring mail (almost dead)
The magic dart hits the orc priest.
The orc priest is almost dead.
The orc priest hits you with a club.
You die...

#....#####...## ####### ###.#
#....# ###.# #.# #....## ####.###
##########.# ......# #......#####
#..........#
......###.##.......###.##########
##.#......##.......#.....#
##....###.##.$).##.#.#.#.#
##..)...#.##...o##.#.#.#.#
......#.#.......@......#.#
...))......#.......#.###.#
###..##)##.#.......#.###.#
###..##)##(#########.....#
##...##)##.# ####### ##.#.##.##.#
##.#.##.##.# ...........#
.....##.########


You could see an orc priest.

Vanquished Creatures
  2 orc priests (D:3)
  2 orc wizards (D:3)
  Crazy Yiuf (D:3)
  A worker ant (D:4)
  3 gnolls (D:2)
  An adder (D:3)
  A worm (D:3)
  7 dart slugs
  14 orcs (D:3)
  2 ball pythons
  A giant cockroach (D:3)
  3 goblins
  6 hobgoblins
  4 kobolds
  2 quokkas
  8 bats
  2 frilled lizards
  5 rats
65 creatures vanquished.

Notes
Turn   | Place    | Note
-------+----------+-------------------------------------------
     0 | D:1      | theElss the Deep Elf Conjurer began the quest for the Orb.
     0 | D:1      | Reached XP level 1. HP: 10/10 MP: 6/6
   132 | D:1      | Reached XP level 2. HP: 15/15 MP: 4/8
   296 | D:1      | Reached skill level 5 in Conjurations
   660 | D:1      | Learned a level 2 spell: Searing Ray
   862 | D:1      | Reached XP level 3. HP: 19/19 MP: 6/9
  1517 | D:2      | Reached XP level 4. HP: 24/24 MP: 7/11
  2308 | D:3      | Learned a level 4 spell: Iskenderun's Mystic Blast
  2499 | D:4      | Noticed Eustachio
  2571 | D:4      | Noticed Duvessa
  2583 | D:4      | Reached XP level 5. HP: 28/28 MP: 8/13
  2647 | D:3      | Reached skill level 6 in Conjurations
  2747 | D:3      | Reached skill level 5 in Spellcasting
  2910 | D:3      | Found a runed door.
  2920 | D:3      | Learned a level 5 spell: Iskenderun's Battlesphere
  2920 | D:3      | Noticed Crazy Yiuf
  2923 | D:3      | Killed Crazy Yiuf
  3349 | D:3      | Reached XP level 6. HP: 17/33 MP: 7/16
  3355 | D:3      | Slain by an orc priest

Skill      XL: |  1  2  3  4  5 |
---------------+----------------+-----
Conjurations   | 5 6 |  6.6
Dodging        | 3 |  3.2
Spellcasting   | 4 5 |  5.6
Fighting       | |  0.4
Stealth        | |  2.4

Action                   |  1- 3 |  4- 6 || total
-------------------------+-------+-------++-------
Melee: Unarmed           |       |     1 ||     1
 Cast: Magic Dart        |    61 |    68 ||   129
       Searing Ray       |     2 |     3 ||     5
       Iskenderun's Myst |       |    11 ||    11
  Eat: Chunk             |     2 |     5 ||     7
       Meat ration       |       |     1 ||     1
Armor: Robe              |     2 |       ||     2
Dodge: Dodged            |     3 |    10 ||    13
